AoeStats
← Biznatch

Black Forest

510154005Analyzed
4v4 RM · 18h ago on Sep 29, 2026· 57m 43s· 8 players
Game mode
Random Map
Map size
Large (8 player)
Population
200
Speed
Normal
Resources
Standard
Victory
Conquest
Starting age
Dark Age
Ending age
Imperial Age
RankedLock teamsTeams togetherTeam positionsShared explorationLock speedFull tech treeHidden civsTurbo modeCheats
Victory
Defeat
🇩🇪 Saxons · Germany
1037
+15
🇬🇧 Chinese · United Kingdom
994
+17
🇫🇷 Mongols · France
982
+17
🇬🇧 Romans · United Kingdom
968
+17
🇦🇹 Ethiopians · Austria
1028
-17
🇩🇰 Bulgarians · Denmark
1022
-17
🇬🇧 Franks · United Kingdom
1014
-17
🇦🇺 Turks · Australia
981
-15
jimfinancialadvice
0:39 Loom
13:55 Feudal Age
14:22 Double-Bit Axe
21:27 Castle Age
20:16 Wheelbarrow
19:48 Horse Collar
22:42 Bow Saw
23:03 Heavy Plow
28:20 Hand Cart
28:07 Gold Mining
34:01 Imperial Age
32:09 Fletching
32:21 Padded Archer Armor
32:30 Crossbowman
34:14 Gold Shaft Mining
35:01 Ballistics
34:40 Bodkin Arrow
34:54 Thumb Ring
35:30 Elite Fire Lancer
36:13 Scale Mail Armor
38:03 Two-Man Saw
38:57 Chemistry
37:59 Bracer
37:21 Arbalester
40:09 Forging
40:14 Chain Mail Armor
40:16 Leather Archer Armor
40:15 Squires
43:27 Iron Casting
43:23 Plate Mail Armor
44:17 Stone Mining
46:10 Pikeman
47:20 Caravan
48:06 Ring Archer Armor
48:36 Halberdier
50:02 Stone Shaft Mining
53:55 Town Watch
55:13 Arson
55:38 Man-at-Arms
Donald
0:28 Loom
10:48 Feudal Age
11:17 Double-Bit Axe
11:39 Horse Collar
15:31 Castle Age
16:12 Heavy Plow
16:26 Bow Saw
16:54 Wheelbarrow
21:41 Town Watch
22:11 Gold Mining
23:22 Stone Mining
25:30 Stone Shaft Mining
25:30 Gold Shaft Mining
26:46 Gold Shaft Mining
27:33 Hand Cart
30:03 Imperial Age
28:31 Scale Barding Armor
28:37 Forging
29:23 Bloodlines
29:13 Husbandry
30:07 Chain Barding Armor
29:09 Light Cavalry
30:48 Iron Casting
30:10 Hussar
32:56 Chemistry
33:26 Blast Furnace
32:16 Fletching
33:17 Masonry
34:49 Hoardings
35:41 Bodkin Arrow
36:09 Ballistics
35:55 Siege Engineers
35:46 Murder Holes
38:48 Heavy Camel Rider
42:23 Town Patrol
43:05 Man-at-Arms
43:46 Squires
43:32 Arson
43:48 Scale Mail Armor
43:49 Bracer
46:16 Conscription
47:20 Hoardings
46:16 Sappers
47:35 Nomads
47:56 Drill
49:00 Padded Archer Armor
49:16 Chain Mail Armor
55:35 Spies/Treason
57:23 Fortified Wall
57:04 Guard Tower
57:50 Plate Mail Armor
57:35 Leather Archer Armor
Rackl Peter
12:03 Feudal Age
15:53 Castle Age
13:51 Double-Bit Axe
13:49 Horse Collar
20:54 Bow Saw
22:39 Heavy Plow
23:16 Loom
25:43 Wheelbarrow
27:08 Hand Cart
26:22 Crossbowman
27:51 Thumb Ring
30:23 Imperial Age
28:18 Ballistics
28:28 Squires
27:54 Pikeman
28:36 Gold Mining
28:37 Stone Mining
29:09 Town Watch
30:49 Fletching
31:16 Caravan
31:35 Guilds
30:56 Arbalester
31:19 Halberdier
32:19 Padded Archer Armor
32:15 Bodkin Arrow
32:24 Scale Mail Armor
32:59 Crop Rotation
33:33 Two-Man Saw
34:26 Bracer
34:43 Leather Archer Armor
37:57 Ring Archer Armor
37:39 Forging
37:44 Chain Mail Armor
38:35 Chemistry
37:41 Siege Engineers
40:08 Arson
40:08 Gambesons
39:44 Elite Varangian Guard
40:48 Conscription
39:52 Shield Wall
48:37 Gold Shaft Mining
52:45 Murder Holes
53:02 Masonry
Biznatch
11:47 Feudal Age
11:19 Loom
16:31 Castle Age
15:03 Double-Bit Axe
16:38 Horse Collar
18:08 Heavy Plow
18:21 Bow Saw
21:39 Wheelbarrow
21:03 Stone Mining
21:03 Gold Mining
25:13 Fletching
26:45 Ballistics
27:24 Pikeman
28:05 Squires
28:07 Scale Mail Armor
30:09 Chain Mail Armor
30:07 Forging
31:13 Caravan
32:10 Gold Shaft Mining
34:02 Iron Casting
37:09 Imperial Age
34:57 Hand Cart
35:34 Bloodlines
35:25 Husbandry
35:32 Scale Barding Armor
37:43 Ballistas
37:13 Halberdier
38:56 Blast Furnace
37:21 Heavy Scorpion
38:38 Crop Rotation
38:52 Conscription
38:44 Light Cavalry
38:45 Cavalier
46:25 Chemistry
46:59 Chain Barding Armor
47:15 Comitatenses
46:23 Man-at-Arms
47:54 Long Swordsman
48:53 Legionary
50:26 Plate Barding Armor
Donp4ppa
10:53 Feudal Age
11:36 Double-Bit Axe
13:35 Loom
16:58 Castle Age
16:07 Horse Collar
17:17 Gold Mining
19:49 Wheelbarrow
20:56 Bow Saw
21:55 Stone Mining
24:28 Hand Cart
24:00 Town Watch
24:30 Caravan
25:42 Heavy Plow
30:50 Imperial Age
29:39 Stone Shaft Mining
29:55 Town Patrol
30:33 Stirrups
31:03 Squires
30:48 Arson
30:49 Gambesons
32:34 Crop Rotation
32:41 Gold Shaft Mining
32:48 Husbandry
32:59 Bloodlines
32:58 Scale Barding Armor
33:04 Forging
32:45 Fletching
35:00 Chemistry
34:21 Ballistics
34:48 Cavalier
37:40 Conscription
36:57 Light Cavalry
38:10 Bodkin Arrow
38:24 Siege Engineers
39:55 Chain Barding Armor
40:10 Iron Casting
39:56 Elite Konnik
41:04 Onager
42:25 Plate Barding Armor
42:50 Blast Furnace
43:00 Elite Skirmisher
44:52 Bracer
44:52 Padded Archer Armor
45:02 Pikeman
46:07 Halberdier
48:00 Masonry
47:46 Murder Holes
51:58 Siege Onager
Rido
0:27 Loom
13:56 Feudal Age
15:03 Double-Bit Axe
20:38 Castle Age
19:40 Gold Mining
20:06 Stone Mining
20:07 Horse Collar
21:48 Wheelbarrow
22:02 Heavy Plow
24:30 Bow Saw
30:16 Imperial Age
28:50 Gold Shaft Mining
28:31 Fletching
29:44 Hand Cart
30:23 Bodkin Arrow
32:17 Bracer
32:50 Scale Barding Armor
32:56 Forging
33:37 Husbandry
33:47 Bloodlines
34:01 Chain Barding Armor
34:55 Conscription
36:05 Two-Man Saw
36:26 Artillery
41:45 Elite Janissary
42:29 Padded Archer Armor
43:04 Iron Casting
43:05 Plate Barding Armor
43:02 Sipahi
43:49 Parthian Tactics
43:30 Thumb Ring
44:12 Heavy Cavalry Archer
45:49 Leather Archer Armor
46:34 Blast Furnace
50:09 Caravan
max-on-war
0:55 Loom
12:40 Feudal Age
14:52 Double-Bit Axe
17:40 Castle Age
16:46 Horse Collar
20:22 Bow Saw
20:15 Heavy Plow
23:05 Gold Mining
24:19 Stone Mining
25:30 Scale Mail Armor
25:41 Forging
27:30 Wheelbarrow
31:16 Imperial Age
30:14 Fletching
30:48 Fortified Wall
31:35 Husbandry
32:20 Gold Shaft Mining
32:06 Hand Cart
32:38 Masonry
33:55 Two-Man Saw
33:56 Heavy Camel Rider
34:23 Halberdier
35:31 Chain Mail Armor
36:25 Plate Mail Armor
36:26 Bodkin Arrow
39:44 Scale Barding Armor
40:07 Bracer
44:39 Light Cavalry
52:48 Heavy Scorpion
Drewpert93
8:40 Loom
10:59 Feudal Age
13:28 Double-Bit Axe
19:19 Castle Age
19:26 Stone Mining
21:30 Forging
28:42 Wheelbarrow
30:05 Scale Barding Armor
30:35 Iron Casting
34:30 Imperial Age
32:38 Husbandry
34:10 Bow Saw
36:52 Ballistics
36:30 Cavalier
37:36 Chain Barding Armor
38:17 Blast Furnace
38:10 Paladin
40:39 Plate Barding Armor
39:55 Fletching
43:43 Chivalry
44:07 Conscription
43:12 Light Cavalry
46:06 Bodkin Arrow
46:12 Padded Archer Armor
46:13 Scale Mail Armor
45:49 Elite Throwing Axeman
47:11 Hand Cart
46:42 Town Watch
48:01 Chemistry
Connection lost

Rejoining the realm…

Still unreachable

The connection could not be restored.

Session expired

The server has moved on; the page needs a fresh start.